 Dungeon Crawl Stone Soup version 0.25-a0-1130-g3926558f3a (webtiles) character file.

Game seed: 16776313320979336878, levelgen mode: classic

1104 Amnesiac the Skirmisher (level 8, -3/84 HPs)
             Began as an Ogre Gladiator on May 19, 2020.
             Slain by a sky beast (5 damage)
             ... on level 6 of the Dungeon.
             The game lasted 00:09:54 (3810 turns).

Amnesiac the Skirmisher (Ogre Gladiator)            Turns: 3810, Time: 00:09:54

Health: -3/84      AC:  5    Str: 21    XL:     8   Next: 32%
Magic:  10/10      EV: 10    Int:  9    God:
Gold:   31         SH:  0    Dex: 10    Spells: 7/7 levels left

rFire    . . .     SeeInvis .   a - +0 giant club
rCold    . . .     Gourm    .   (shield currently unavailable)
rNeg     . . .     Faith    .   t - +0 robe
rPois    .         Spirit   .   c - +1 hat
rElec    .         Reflect  .   h - +0 cloak
rCorr    .         Harm     .   (gloves unavailable)
MR       .....                  (boots unavailable)
Stlth    +.........             (no amulet)
HPRegen  0.24/turn              (no ring)
MPRegen  0.12/turn              (no ring)

@: no status effects
A: large, unfitting armour, tough skin 1
a: no special abilities


You were on level 6 of the Dungeon.
You were not hungry.

You visited 1 branch of the dungeon, and saw 6 of its levels.
You also visited: Ossuary.

You collected 343 gold pieces.
You spent 312 gold pieces at shops.

Inventory:

Hand Weapons
 a - a +0 giant club (weapon)
 b - a +0 flail
 d - a +0 giant spiked club
 C - a +0 glaive
Missiles
 p - 15 poisoned darts (quivered)
Armour
 c - a +1 hat (worn)
 h - a +0 cloak (worn)
 t - a +0 robe (worn)
 w - a +0 tower shield
Wands
 k - a wand of digging (6)
Scrolls
 j - 2 scrolls of teleportation {!r}
 r - a scroll of remove curse {!r}
 u - a scroll of torment {!r, unknown}
 x - 4 scrolls of enchant armour {!r}
 y - a scroll of enchant weapon {!r, unknown}
Potions
 e - 3 potions of haste {!q}
 g - 2 potions of lignification {!q}
 i - 2 potions of brilliance {!q}
 l - 5 potions of curing {!q}
 m - a potion of might {!q}
 n - 2 potions of magic {!q, unknown}
 o - 3 potions of heal wounds {!q}
 q - a potion of stabbing {!q}
 v - a potion of cancellation {!q}
 z - a potion of berserk rage {!q}
 A - a potion of flight {!q}
 B - a potion of invisibility {!q}
Comestibles
 f - 11 rations
 s - 2 chunks of flesh


   Skills:
 + Level 6.9 Fighting
 * Level 6.9 Maces & Flails
 - Level 2.0 Throwing
 - Level 2.6 Dodging
 + Level 3.4 Evocations


You had 7 spell levels left.
You didn't know any spells.
Your spell library was empty.

Dungeon Overview and Level Annotations

Branches:
Dungeon (6/15)            Ossuary (visited)
 Temple: D:4-7

Altars:
Fedhas
Hepliaklqana
Okawaru
Qazlal
Yredelemnul

Shops:
D:5 !

Annotations:
D:2 Sigmund


Innate Abilities, Weirdness & Mutations

You are too large for most types of armour.
You have tough skin. (AC +1)


Message History

The sky beast closely misses you.
You barely miss the sky beast.
The sky beast is heavily wounded.
The sky beast hits you. The sky beast shocks you.
You barely miss the sky beast.
The sky beast is heavily wounded.
The sky beast hits you. The sky beast shocks you.
You barely miss the sky beast.
The sky beast is heavily wounded.
The sky beast barely misses you.
You barely miss the sky beast.
The sky beast is heavily wounded.
The sky beast hits you. The sky beast shocks you.
* * * LOW HITPOINT WARNING * * *
The sky beast barely misses you.
You closely miss the sky beast.
The sky beast is heavily wounded.
The sky beast hits you but does no damage.
You barely miss the sky beast.
The sky beast is heavily wounded.
The sky beast hits you but does no damage.
You closely miss the sky beast.
The sky beast is heavily wounded.
The sky beast barely misses you.
You closely miss the sky beast.
The sky beast is heavily wounded.
The sky beast hits you.
* * * LOW HITPOINT WARNING * * *
The sky beast shocks you.
* * * LOW HITPOINT WARNING * * *
The sky beast hits you.
* * * LOW HITPOINT WARNING * * *
The sky beast shocks you.
* * * LOW HITPOINT WARNING * * *
You sock the sky beast!
The sky beast is almost dead.
The sky beast hits you.
* * * LOW HITPOINT WARNING * * *
The sky beast shocks you.
* * * LOW HITPOINT WARNING * * *
You are too injured to fight recklessly!
You are too injured to fight recklessly!
You are too injured to fight recklessly!
You are too injured to fight recklessly!
You are too injured to fight recklessly!
You are too injured to fight recklessly!
You hit the sky beast but do no damage.
The sky beast is almost dead.
The sky beast flickers out of sight!
Deactivating autopickup; reactivate with Ctrl-A.
Something hits you.
* * * LOW HITPOINT WARNING * * *
Something shocks you.
* * * LOW HITPOINT WARNING * * *
You barely miss something.
A sky beast appears from thin air!
Reactivating autopickup.
The sky beast hits you.
* * * LOW HITPOINT WARNING * * *
The sky beast shocks you.
* * * LOW HITPOINT WARNING * * *
The sky beast hits you.
* * * LOW HITPOINT WARNING * * *
The sky beast shocks you.
You die...

...........##
#.........##
#######..## ##..##
##..## . ###.)######
... ##..#......#
#...#####..........#
#$.Y@............#
#...###..........#
#..# #..........#
#.. ##.........# #..
###.......# #..
##.....## #. ##....#
.# .#..#


You could see a sky beast.

Vanquished Creatures
  An orc warrior (D:6)
  An ice beast (D:3)
  3 ogres
  2 centaurs (D:5)
  A scorpion (D:6)
  A wight (D:6)
  A hound (D:4)
  An orc wizard (D:6)
  An iguana (D:4)
  2 worker ants
  8 mummies (Ossuary)
  A howler monkey zombie (D:6)
  A gnoll (D:4)
  6 adders
  An ooze (D:4)
  A worm (D:3)
  3 dart slugs
  4 leopard geckos
  10 orcs
  2 giant cockroaches
  11 goblins
  4 hobgoblins
  5 jackals
  4 kobolds
  A quokka (D:2)
  6 bats
  6 frilled lizards
  2 gnoll zombies (D:4)
  A goblin zombie (D:5)
  2 hobgoblin zombies (Ossuary)
  2 kobold zombies (Ossuary)
  4 orc zombies (Ossuary)
  9 rats
  A rat zombie (D:5)
109 creatures vanquished.

Notes
Turn   | Place    | Note
-------+----------+-------------------------------------------
     0 | D:1      | Amnesiac the Ogre Gladiator began the quest for the Orb.
     0 | D:1      | Reached XP level 1. HP: 22/22 MP: 1/1
   116 | D:1      | Reached XP level 2. HP: 30/31 MP: 2/2
   566 | D:1      | Reached XP level 3. HP: 28/37 MP: 3/3
   615 | D:2      | Found a blossoming altar of Fedhas.
   616 | D:2      | Found a stormy altar of Qazlal.
   966 | D:2      | Noticed Sigmund
  1267 | D:3      | Reached XP level 4. HP: 48/48 MP: 4/4
  1580 | D:3      | Noticed an ice beast
  1595 | D:3      | Killed an ice beast
  1595 | D:3      | Reached skill level 1 in Evocations
  1595 | D:3      | Reached XP level 5. HP: 44/55 MP: 5/5
  1948 | D:4      | Noticed an ogre
  1962 | D:4      | Killed an ogre
  1962 | D:4      | Reached skill level 5 in Fighting
  1962 | D:4      | Reached skill level 5 in Maces & Flails
  1962 | D:4      | Reached XP level 6. HP: 61/66 MP: 7/7
  2005 | D:5      | Entered Level 5 of the Dungeon
  2092 | D:5      | HP: 3/66 [centaur (8)]
  2095 | D:5      | Reached XP level 7. HP: 4/72 MP: 8/8
  2158 | D:5      | Found a hazy altar of Hepliaklqana.
  2362 | D:3      | You fall into a shaft and drop 1 floor!
  2497 | D:5      | Found a sand-covered staircase.
  2507 | Ossuary  | Entered an ossuary
  2992 | D:5      | Reached XP level 8. HP: 84/84 MP: 10/10
  3044 | D:5      | Found an iron altar of Okawaru.
  3391 | D:4      | Found a basalt altar of Yredelemnul.
  3591 | D:5      | Found Xaheosm's Distillery.
  3599 | D:5      | Bought a potion of heal wounds for 65 gold pieces
  3599 | D:5      | Bought a potion of curing for 39 gold pieces
  3599 | D:5      | Bought a potion of berserk rage for 65 gold pieces
  3599 | D:5      | Bought a potion of flight for 39 gold pieces
  3599 | D:5      | Bought a potion of invisibility for 104 gold pieces
  3810 | D:6      | HP: 3/84 [sky beast (5)]
  3810 | D:6      | Slain by a sky beast

Illustrated notes

Levels and vault maps discovered:
D:1:      dpeg_arrival_tiny_a, layout_basic
D:2:      layout_loops_corners, grunt_temple_overflow_forces_of_nature,
          first_ration, uniq_sigmund
D:3:      layout_rooms, grunt_dithmenos_smoke
D:4:      layout_basic, lemuel_zombie_altar_yredelemnul, st_stairs_1
D:5:      layout_loops_ring, nicolae_overflow_crystal_walls,
          nicolae_overflow_hidden_temple, enter_ossuary_4, serial_shops, shop,
          kennysheep_generic_room_7
D:6:      layout_cave_pods, marbit_many_paths, lemuel_round_altar

Skill      XL: |  1  2  3  4  5  6  7 |
---------------+----------------------+-----
Fighting       | 3 4 5 6 |  6.9
Maces & Flails | 3 4 5 6 |  6.9
Evocations     | 1 2 3 |  3.4
Throwing       | |  2.0
Dodging        | |  2.6

Action                   |  1- 3 |  4- 6 |  7- 9 || total
-------------------------+-------+-------+-------++-------
Melee: Flail             |   134 |   103 |       ||   237
       Giant spiked club |       |    21 |    25 ||    46
       Giant club        |       |       |    98 ||    98
Throw: Throwing net      |       |     3 |       ||     3
       Dart              |       |    15 |    14 ||    29
Evoke: Wand              |       |     3 |     1 ||     4
  Use: Scroll            |     3 |       |     9 ||    12
       Potion            |       |       |     1 ||     1
 Stab: Sleeping          |     2 |       |       ||     2
       Paralysed         |       |     6 |       ||     6
  Eat: Chunk             |     1 |     3 |     6 ||    10
Armor: Robe              |    36 |    34 |    39 ||   109
       Skin              |       |       |     7 ||     7
Dodge: Dodged            |    91 |    67 |    47 ||   205

Table legend:
 A = Non-vault XP
 B = Vault XP
 C = Vault XP percentage of total XP
 D = Non-vault monster count
 E = Vault monster count
 F = Vault count percentage of total count
                 A         B        C        D         E       F
            +---------+---------+-------+---------+---------+-------
      Total |    1402 |     176 |  11.2 |      87 |      22 |  20.2
            +---------+---------+-------+---------+---------+-------
        D:1 |      34 |       0 |   0.0 |      21 |       0 |   0.0
        D:2 |      38 |       0 |   0.0 |      14 |       0 |   0.0
        D:3 |     201 |       0 |   0.0 |      19 |       0 |   0.0
        D:4 |     253 |      19 |   7.0 |      15 |       4 |  21.1
        D:5 |     514 |       2 |   0.4 |       9 |       2 |  18.2
        D:6 |     362 |       0 |   0.0 |       9 |       0 |   0.0
    Ossuary |       0 |     155 | 100.0 |       0 |      16 | 100.0
            +---------+---------+-------+---------+---------+-------
